General information
- name: BNet
- type: Ladder team game (AT/RT)
- host: Battle.net
- saver: hehehekeke
map: DragonFalls
- players: 8
- length: 17:38
- speed: Fast
- version: 1.24 W3XP
- replay type: Public
» download(132 KB)
Players
team 1 (winner)
PureSnow (
pink | 55 APM | 964 actions | 17:38)
5 Death Knight
3 Death Coil
2 Unholy Aura
3 Lich
2 Frost Nova
1 Frost Armor
» actions
| Build / train | 48 | |
| Enter build submenu | 12 | |
| Enter hero's abilities submenu | 8 | |
| Give item / drop item | 2 | |
| Right click | 567 | |
| Select / deselect | 270 | |
| Use ability | 57 | |
964 total
» units
| Acolyte | 7 | |
| Ghoul | 3 | |
| Crypt Fiend | 10 | |
| Obsidian Statue | 2 | |
22 total
» upgrades
| Creature Attack | 3 | |
| Web | 1 | |
| Burrow | 1 | |
| Destroyer Form | 1 | |
6 total
» buildings
| Graveyard | 1 | |
| Crypt | 2 | |
| Altar of Darkness | 1 | |
| Ziggurat | 5 | |
| Tomb of Relics | 1 | |
| Halls of the Dead | 1 | |
| Black Citadel | 1 | |
| Slaughterhouse | 1 | |
13 total
» build order
00:22 Graveyard
00:26 Crypt
00:30 Crypt
00:42 Altar of Darkness
01:00 Ziggurat
01:21 Tomb of Relics
02:04 Ziggurat
04:07 Halls of the Dead
04:26 Ziggurat
05:50 Ziggurat
08:48 Black Citadel
10:17 Slaughterhouse
10:20 Ziggurat
» items
| Rod of Necromancy | 2 | |
| Scroll of Town Portal | 4 | |
| Potion of Healing | 1 | |
| Orb of Corruption | 1 | |
8 total

»
jekUSSR (
yellow | 42 APM | 747 actions | 17:38)
5 Demon Hunter
2 Immolation
3 Evasion
» actions
| Assign group hotkey | 11 | |
| Basic commands | 5 | |
| Build / train | 59 | |
| Enter build submenu | 22 | |
| Enter hero's abilities submenu | 5 | |
| Give item / drop item | 1 | |
| Remove unit from queue | 1 | |
| Right click | 371 | |
| Select / deselect | 219 | |
| Select group hotkey | 5 | |
| Use ability | 48 | |
747 total
» units
» upgrades
| Strength of the Wild | 3 | |
| Reinforced Hides | 2 | |
| Corrosive Breath | 1 | |
6 total
» buildings
| Altar of Elders | 1 | |
| Moon Well | 8 | |
| Ancient of War | 1 | |
| Tree of Life | 1 | |
| Tree of Ages | 1 | |
| Hunter's Hall | 1 | |
| Tree of Eternity | 1 | |
| Ancient of Wind | 2 | |
| Chimaera Roost | 4 | |
| Ancient of Wonders | 1 | |
21 total
» build order
00:12 Altar of Elders
00:17 Moon Well
00:30 Ancient of War
01:40 Moon Well
02:02 Moon Well
04:13 Tree of Life
05:37 Tree of Ages
05:40 Hunter's Hall
05:42 Moon Well
05:45 Moon Well
07:58 Tree of Eternity
08:03 Ancient of Wind
08:05 Ancient of Wind
08:08 Moon Well
09:24 Moon Well
10:23 Chimaera Roost
10:26 Chimaera Roost
10:28 Chimaera Roost
10:31 Chimaera Roost
12:12 Ancient of Wonders
13:27 Moon Well
» items
| Scroll of Town Portal | 2 | |
| Orb of Venom | 1 | |
| Potion of Healing | 1 | |
4 total
hehehekeke (
purple | 113 APM | 1993 actions | 17:38)
5 Death Knight
3 Death Coil
2 Unholy Aura
4 Lich
2 Frost Armor
2 Frost Nova
3 Crypt Lord
2 Impale
1 Spiked Carapace
» actions
| Assign group hotkey | 55 | |
| Basic commands | 27 | |
| Build / train | 70 | |
| ESC pressed | 1 | |
| Enter build submenu | 15 | |
| Enter hero's abilities submenu | 12 | |
| Give item / drop item | 2 | |
| Right click | 575 | |
| Select / deselect | 539 | |
| Select group hotkey | 598 | |
| Use ability | 99 | |
1993 total
» units
| Acolyte | 9 | |
| Ghoul | 3 | |
| Crypt Fiend | 7 | |
| Frost Wyrm | 3 | |
22 total
» upgrades
| Creature Attack | 4 | |
| Burrow | 1 | |
| Web | 1 | |
| Creature Carapace | 2 | |
8 total
» buildings
| Crypt | 1 | |
| Graveyard | 1 | |
| Altar of Darkness | 1 | |
| Ziggurat | 6 | |
| Tomb of Relics | 1 | |
| Necropolis | 1 | |
| Halls of the Dead | 2 | |
| Spirit Tower | 2 | |
| Nerubian Tower | 2 | |
| Black Citadel | 1 | |
| Sacrificial Pit | 1 | |
| Boneyard | 2 | |
21 total
» build order
00:07 Crypt
00:12 Graveyard
00:42 Altar of Darkness
00:57 Ziggurat
01:24 Tomb of Relics
02:07 Ziggurat
04:03 Necropolis
04:50 Halls of the Dead
04:50 Halls of the Dead
05:27 Ziggurat
06:27 Ziggurat
06:28 Ziggurat
07:36 Spirit Tower
07:36 Nerubian Tower
08:02 Black Citadel
08:04 Sacrificial Pit
09:25 Ziggurat
10:26 Boneyard
10:27 Boneyard
15:46 Spirit Tower
15:46 Nerubian Tower
» items
| Rod of Necromancy | 7 | |
| Orb of Corruption | 1 | |
| Scroll of Healing | 2 | |
| Scroll of Town Portal | 1 | |
| Potion of Healing | 1 | |
| Lesser Clarity Potion | 2 | |
| Staff of Preservation | 1 | |
15 total
Suminone (
orange | 25 APM | 433 actions | 17:37)
5 Warden
3 Fan of Knives
2 Shadow Strike
» actions
| Build / train | 48 | |
| Enter build submenu | 16 | |
| Enter hero's abilities submenu | 5 | |
| Right click | 162 | |
| Select / deselect | 153 | |
| Use ability | 49 | |
433 total
» units
| Wisp | 10 | |
| Archer | 9 | |
| Huntress | 4 | |
| Druid of the Claw | 7 | |
30 total
» upgrades
| Druid of the Claw Training | 2 | |
| Strength of the Wild | 3 | |
| Reinforced Hides | 2 | |
| Mark of the Claw | 1 | |
8 total
» buildings
| Moon Well | 7 | |
| Altar of Elders | 1 | |
| Ancient of War | 1 | |
| Tree of Ages | 1 | |
| Hunter's Hall | 1 | |
| Tree of Eternity | 1 | |
| Ancient of Lore | 4 | |
| Ancient of Wonders | 1 | |
17 total
» build order
00:09 Moon Well
00:11 Altar of Elders
00:45 Ancient of War
01:50 Moon Well
02:57 Moon Well
04:11 Tree of Ages
04:18 Hunter's Hall
06:26 Moon Well
07:51 Tree of Eternity
07:55 Moon Well
08:03 Ancient of Lore
08:11 Ancient of Lore
08:19 Ancient of Lore
08:31 Ancient of Lore
10:05 Ancient of Wonders
16:26 Moon Well
16:29 Moon Well
» items
| Potion of Healing | 1 | |
| Orb of Venom | 1 | |
2 total
team 2 (loser)
SeitNemJahrWied (
teal | 62 APM | 904 actions | 14:36)
3 Dark Ranger
2 Black Arrow
1 Silence
1 Mountain King
1 Storm Bolt
» actions
| Assign group hotkey | 33 | |
| Build / train | 50 | |
| Enter build submenu | 14 | |
| Enter hero's abilities submenu | 5 | |
| Give item / drop item | 1 | |
| Remove unit from queue | 2 | |
| Right click | 354 | |
| Select / deselect | 189 | |
| Select group hotkey | 214 | |
| Use ability | 42 | |
904 total
» units
» upgrades
| Gunpowder | 1 | |
| Armor | 1 | |
| Long Rifles | 1 | |
| Masonry | 1 | |
4 total
» buildings
| Blacksmith | 1 | |
| Barracks | 1 | |
| Lumber Mill | 1 | |
| Altar of Kings | 1 | |
| Farm | 7 | |
| Scout Tower | 1 | |
| Arcane Tower | 1 | |
| Keep | 1 | |
| Arcane Vault | 1 | |
| Guard Tower | 1 | |
| Workshop | 1 | |
17 total
» build order
00:07 Blacksmith
00:17 Barracks
00:50 Lumber Mill
01:25 Altar of Kings
01:51 Farm
01:59 Farm
02:27 Scout Tower
02:36 Farm
03:01 Arcane Tower
03:43 Farm
04:12 Keep
06:31 Farm
06:34 Arcane Vault
08:58 Farm
09:09 Guard Tower
09:13 Guard Tower
12:28 Farm
12:30 Workshop
» items
| Scroll of Regeneration | 3 | |
| Scroll of Town Portal | 1 | |
| Ivory Tower | 3 | |
| Potion of Healing | 1 | |
| Lesser Clarity Potion | 1 | |
9 total

»
KillallMuslims (
blue | 63 APM | 989 actions | 15:41)
3 Death Knight
2 Death Coil
1 Unholy Aura
1 Lich
1 Frost Nova
» actions
| Assign group hotkey | 22 | |
| Build / train | 50 | |
| Enter build submenu | 16 | |
| Enter hero's abilities submenu | 4 | |
| Give item / drop item | 3 | |
| Right click | 567 | |
| Select / deselect | 200 | |
| Select group hotkey | 77 | |
| Use ability | 50 | |
989 total
» units
| Acolyte | 10 | |
| Ghoul | 6 | |
| Crypt Fiend | 5 | |
| Frost Wyrm | 3 | |
24 total
» upgrades
| Creature Attack | 2 | |
| Creature Carapace | 2 | |
4 total
» buildings
| Crypt | 1 | |
| Graveyard | 1 | |
| Altar of Darkness | 1 | |
| Ziggurat | 7 | |
| Tomb of Relics | 1 | |
| Halls of the Dead | 1 | |
| Nerubian Tower | 2 | |
| Spirit Tower | 3 | |
| Necropolis | 1 | |
| Black Citadel | 1 | |
| Sacrificial Pit | 1 | |
| Boneyard | 4 | |
24 total
» build order
00:08 Crypt
00:12 Graveyard
00:44 Altar of Darkness
00:57 Ziggurat
01:25 Tomb of Relics
01:58 Ziggurat
03:53 Ziggurat
05:26 Halls of the Dead
06:04 Ziggurat
06:30 Ziggurat
06:31 Ziggurat
07:23 Nerubian Tower
07:24 Spirit Tower
07:24 Spirit Tower
07:27 Necropolis
07:36 Nerubian Tower
08:49 Black Citadel
08:55 Sacrificial Pit
09:07 Ziggurat
12:14 Boneyard
12:15 Boneyard
12:16 Boneyard
13:19 Boneyard
» items
| Rod of Necromancy | 1 | |
| Scroll of Regeneration | 1 | |
| Scroll of Town Portal | 2 | |
| Potion of Healing | 2 | |
| Orb of Corruption | 1 | |
| Scroll of Healing | 2 | |
9 total

»
SleepingRainbow (
green | 54 APM | 890 actions | 16:20)
4 Dark Ranger
2 Black Arrow
2 Life Drain
» actions
| Assign group hotkey | 11 | |
| Build / train | 57 | |
| Enter build submenu | 17 | |
| Enter hero's abilities submenu | 4 | |
| Right click | 465 | |
| Select / deselect | 266 | |
| Select group hotkey | 33 | |
| Use ability | 37 | |
890 total
» units
| Acolyte | 7 | |
| Ghoul | 10 | |
| Crypt Fiend | 8 | |
| Furbolg Shaman | 1 | |
| Frost Wyrm | 6 | |
| Rifleman | 4 | |
36 total
» upgrades
| Creature Attack | 2 | |
| Creature Carapace | 1 | |
| Burrow | 1 | |
| Web | 1 | |
5 total
» buildings
| Ziggurat | 9 | |
| Crypt | 1 | |
| Graveyard | 1 | |
| Altar of Darkness | 1 | |
| Nerubian Tower | 1 | |
| Halls of the Dead | 1 | |
| Spirit Tower | 4 | |
| Tomb of Relics | 1 | |
| Black Citadel | 1 | |
| Sacrificial Pit | 1 | |
| Boneyard | 3 | |
| Castle | 1 | |
| Barracks | 1 | |
26 total
» build order
00:09 Ziggurat
00:12 Crypt
00:42 Graveyard
01:06 Ziggurat
01:41 Altar of Darkness
02:24 Nerubian Tower
02:48 Ziggurat
06:11 Halls of the Dead
06:40 Ziggurat
06:41 Ziggurat
06:41 Ziggurat
07:34 Ziggurat
07:38 Spirit Tower
07:39 Spirit Tower
07:41 Spirit Tower
08:00 Tomb of Relics
08:35 Black Citadel
09:56 Sacrificial Pit
10:16 Spirit Tower
12:18 Boneyard
12:44 Boneyard
12:46 Boneyard
14:26 Ziggurat
14:29 Ziggurat
15:19 Castle
15:24 Barracks
» items
| Potion of Healing | 1 | |
| Scroll of Healing | 1 | |
| Scroll of Town Portal | 1 | |
3 total
Mangecrotte (
red | 42 APM | 735 actions | 17:37)
4 Paladin
2 Holy Light
2 Divine Shield
2 Mountain King
1 Storm Bolt
1 Bash
» actions
| Build / train | 47 | |
| Enter build submenu | 20 | |
| Enter hero's abilities submenu | 6 | |
| Right click | 451 | |
| Select / deselect | 165 | |
| Use ability | 46 | |
735 total
» units
| Peasant | 8 | |
| Footman | 6 | |
| Knight | 5 | |
| Siege Engine | 3 | |
22 total
» upgrades
| Gunpowder | 2 | |
| Plating | 2 | |
| Swords | 2 | |
| Animal War Training | 1 | |
| Barrage | 1 | |
| Lumber Harvesting | 1 | |
9 total
» buildings
| Altar of Kings | 1 | |
| Farm | 10 | |
| Barracks | 2 | |
| Lumber Mill | 1 | |
| Arcane Vault | 1 | |
| Blacksmith | 1 | |
| Keep | 1 | |
| Scout Tower | 2 | |
| Guard Tower | 2 | |
| Castle | 1 | |
| Workshop | 1 | |
| Town Hall | 1 | |
24 total
» build order
00:13 Altar of Kings
00:17 Farm
00:59 Barracks
01:02 Lumber Mill
01:20 Farm
01:59 Farm
02:05 Arcane Vault
02:36 Farm
02:49 Blacksmith
03:18 Farm
03:48 Keep
04:27 Barracks
04:38 Farm
05:30 Scout Tower
05:34 Scout Tower
06:03 Farm
06:05 Guard Tower
06:06 Guard Tower
06:54 Castle
08:22 Workshop
08:29 Farm
09:07 Farm
10:23 Farm
12:01 Town Hall
» items
| Scroll of Regeneration | 2 | |
| Scroll of Town Portal | 2 | |
4 total
Chat log
(00:14 / Allies) hehehekeke: orange wanna fee>d
(00:24 / Allies) Suminone: no
(00:26 / All) SeitNemJahrWied: scheiss map
(00:28 / Allies) hehehekeke: 100g the?
(00:29 / All) KillallMuslims: y
(00:35 / All) PureSnow: leave?
(00:40 / All) KillallMuslims: :-)
(00:41 / All) SeitNemJahrWied: hdf bastard
(00:47 / All) PureSnow: :(
(00:49 / All) KillallMuslims: *fg*
(00:57 / All) PureSnow: nich nett
(01:02 / All) KillallMuslims: nich so, nen
(01:10 / All) SeitNemJahrWied: war auch net nett gemeint
(01:14 / All) PureSnow: :(
(01:19 / All) KillallMuslims: brzzzzz
(01:28 / All) SleepingRainbow: "сраные немцы"
(01:33 / All) KillallMuslims: du wurdest gerade gekiest, pink
(01:33 / All) SeitNemJahrWied: ich meins so wie ichs gesagt hab
(01:47 / All) SeitNemJahrWied: BASTARD
(01:54 / All) KillallMuslims: holla
(01:59 / All) PureSnow: jetz aber
(02:17 / All) PureSnow: scheppert glei
(02:21 / All) SeitNemJahrWied: o oh
(02:27 / All) KillallMuslims: deine muddi?
(02:33 / All) PureSnow: dein gesicht
(02:37 / All) KillallMuslims: :(
(02:40 / All) PureSnow: :)
(02:51 / All) KillallMuslims: not cool :(
(02:52 / All) SeitNemJahrWied: deine ma bläst mein cock
(03:05 / All) PureSnow: du tust mir leid
(03:11 / All) SeitNemJahrWied: deine ma mir
(03:18 / All) KillallMuslims: hihi
(04:04 / All) SeitNemJahrWied: ficknudel heike deine ma
(04:13 / All) KillallMuslims: interessant
(04:16 / All) PureSnow: is die falsche mr
(04:30 / All) SeitNemJahrWied: glaub mir sie heisst heiek
(04:31 / Allies) hehehekeke: some gold for tech pls
(04:39 / All) PureSnow: nene
(04:46 / All) SeitNemJahrWied: die verarscht dich
(04:56 / All) PureSnow: hast wohl deine eigene erwischt
(06:46 / Allies) hehehekeke: dr
(06:46 / Allies) hehehekeke: dr
(07:09 / Allies) PureSnow: need help?
(07:30 / Allies) Suminone: ty
(07:38 / All) SeitNemJahrWied: heike zuhause?
(07:40 / Allies) hehehekeke: take
(07:49 / Allies) Suminone: me bear
(07:53 / Allies) jekUSSR: b
(08:11 / All) KillallMuslims: du kleiner hurensohn
(08:17 / All) PureSnow: nooby
(08:23 / All) KillallMuslims: wow was für ne kunst
(08:26 / All) KillallMuslims: in die base reinzulaufen
(08:29 / All) PureSnow: haha
(08:30 / All) KillallMuslims: kann ein affe auch
(08:32 / All) PureSnow: heul doch
(08:33 / All) KillallMuslims: nap
(08:34 / All) PureSnow: :((((((((((
(08:38 / All) KillallMuslims: tu ich ja gerade
(08:39 / All) PureSnow: ooooooooh
(08:42 / All) PureSnow: sehs
(08:44 / All) KillallMuslims: y
(10:11 / Allies) hehehekeke: elf take
(10:13 / Allies) Suminone: yellow unit
(11:10 / Allies) Suminone: b
(12:04 / Allies) jekUSSR: wood
(12:19 / Allies) hehehekeke: yellow use gold mb
(12:25 / Allies) hehehekeke: pink tp soon
(13:48 / Allies) jekUSSR: wood
(14:04 / Allies) jekUSSR: ty
(14:29 / Allies) hehehekeke: gi
(14:43 / All) PureSnow: gott naps
(14:52 / All) KillallMuslims: fresse du dödel
(14:55 / All) KillallMuslims: teal ist der nap
(14:55 / All) PureSnow: große fresse nix dahinter
(14:57 / Allies) jekUSSR: k
(15:39 / All) KillallMuslims: da scheiß ich ja drauf
(15:51 / Allies) hehehekeke: yellow rego
(15:52 / Allies) hehehekeke: on red